Map: 카탈리스트 - 래더

Players

liquidthermy (uThermal)

  • Race: Terran Terran
  • League: Grandmaster
  • Spawn Location: 11:00

Zest - Winner!

  • Race: Protoss Protoss
  • League: Master
  • Spawn Location: 5:00

Event: HomeStory Cup XVI

VOD

Have the link to the VOD?

Description

Time

  • Played on: Nov. 11, 2017, 1:16 p.m.
  • Length: 11:51

All games in this series

Show
View Real Time Build Order
Export as new Build Order

liquidthermy Terran 

Build Orders: MMM Bio 

Get SALT Encoding   

  12  0:01  SCV  
  13  0:13  SCV  
  14  0:17  Supply Depot  
  14  0:25  SCV  
  15  0:38  SCV  
  15  0:40  Barracks  
  16  0:51  SCV  
  17  1:03  SCV  
  18  1:04  Refinery  
  18  1:15  SCV  
  19  1:27  Orbital Command  
  19  1:29  Marine  
  20  1:37  Command Center  
  20  1:47  Barracks Reactor  
  20  1:49  Supply Depot  
  20  1:53  SCV  
  21  2:05  SCV  
  22  2:16  Barracks  
  22  2:17  SCV  
  23  2:23  Barracks, Marine x2  
  23  2:29  SCV  
  26  2:41  SCV, Marine x2  
  29  2:50  Orbital Command  
  29  2:53  SCV  
  29  2:57  Bunker  
  28  3:04  Marine x2, Barracks Tech Lab  
  30  3:05  SCV  
  31  3:17  SCV  
  31  3:18  Engineering Bay, SCV  
  33  3:23  Stimpack  
  32  3:30  SCV, Marine  
  32  3:31  Marine x2  
  32  3:32  Marine  
  37  3:35  SCV  
  38  3:42  SCV  
  38  3:44  Missile Turret  
  38  3:46  Terran Infantry Weapons Level 1  
  38  3:47  SCV  
  38  3:48  Marine  
  41  3:51  Supply Depot, Marine  
  43  3:56  SCV  
  43  3:59  SCV  
  43  4:00  Marine  
  46  4:05  Barracks Tech Lab  
  46  4:06  Marine  
  46  4:09  Supply Depot  
  46  4:12  Marine  
  46  4:13  SCV x2  
  49  4:19  Marauder  
  49  4:20  Supply Depot  
  49  4:23  Marauder, Combat Shields  
  53  4:25  SCV  
  53  4:30  SCV, Marine x2  
  57  4:31  Supply Depot  
  57  4:37  SCV  
  58  4:40  Marauder  
  58  4:42  Supply Depot  
  58  4:43  SCV  
  58  4:44  Marine  
  62  4:48  Marine x2  
  62  4:49  SCV  
  65  4:53  Supply Depot  
  65  4:55  SCV  
  65  4:58  Supply Depot  
  65  5:01  SCV  
  66  5:07  Marine  
  66  5:08  Marauder x2, SCV  
  66  5:13  SCV  
  73  5:18  Marine  
  73  5:20  SCV  
  75  5:24  Concussive Shells  
  75  5:25  SCV  
  75  5:27  Command Center  
  76  5:32  SCV  
  76  5:33  Marine  
  76  5:34  Marauder x2  
  81  5:36  Marine  
  81  5:37  SCV  
  81  5:39  Refinery  
  81  5:41  Refinery  
  83  5:44  Refinery, SCV  
  85  5:50  SCV  
  85  5:55  Factory  
  85  5:56  Marine  
  85  5:57  SCV  
  87  6:01  Marine x2  
  87  6:02  SCV  
  90  6:09  SCV, Marine  
  91  6:14  SCV  
  83  6:20  Marauder  
  83  6:21  SCV  
  83  6:22  Marine  
  85  6:26  SCV  
  85  6:27  Marauder, Barracks  
  85  6:29  Barracks  
  86  6:33  SCV  
  86  6:36  Marine  
  86  6:38  SCV  
  88  6:40  Starport, Factory Reactor, Marine  
  88  6:41  Marauder  
  88  6:46  Orbital Command  
  91  6:47  SCV  
  91  6:49  Marauder  
  91  6:50  SCV  
  91  6:53  Terran Infantry Armor Level 1  
  95  6:54  Marine  
  95  6:58  Marine  
  95  6:59  SCV, Bunker  
  98  7:02  Supply Depot, Marine  
  98  7:06  SCV  
  100  7:11  SCV  
  100  7:12  SCV  
  100  7:13  Marine x2  
  104  7:16  Barracks Reactor, Barracks Tech Lab  
  104  7:18  SCV  
  104  7:20  Marauder  
  107  7:23  Factory Reactor  
  107  7:24  Medivac x2, Supply Depot  
  107  7:26  Refinery, Marine  
  112  7:32  Marauder  
  112  7:35  Marine  
  112  7:36  Marauder  
  117  7:41  Marine  
  117  7:48  Marine  
  117  7:49  Engineering Bay, Armory  
  118  7:53  Marauder, Marine x2  
  118  7:54  Medivac x2, Marine  
  127  8:01  Marine x2  
  129  8:06  Marine  
  129  8:11  Barracks  
  129  8:12  Supply Depot, Marine x2  
  131  8:13  Command Center, Barracks x2, Supply Depot  
  131  8:14  Supply Depot  
  131  8:15  Marine  
  133  8:28  Supply Depot  
  133  8:30  Supply Depot  
  133  8:34  Widow Mine x2, Marauder, Marine x5  
  133  8:35  Medivac, Marauder  
  133  8:36  Medivac  
  150  8:52  Marine  
  150  8:54  Marine  
  150  8:55  Marauder, Marine  
  154  8:56  Marine  
  154  8:57  Marauder  
  157  9:03  Barracks Tech Lab  
  157  9:04  Barracks Reactor, Barracks Tech Lab  
  157  9:05  Medivac  
  157  9:06  Marine  
  157  9:07  Supply Depot  
  157  9:09  Marine  
  155  9:10  Ghost Academy, Supply Depot  
  155  9:12  Marine  
  155  9:13  Medivac  
  155  9:14  Widow Mine  
  161  9:18  Widow Mine  
  161  9:21  Marine  
  161  9:23  Supply Depot, Marine  
  161  9:24  Marauder  
  167  9:32  Planetary Fortress  
  167  9:33  Marine x2  
  167  9:34  Marauder  
  169  9:38  Medivac  
  169  9:42  Marine x2  
  169  9:43  Medivac  
  167  9:46  Marine x2  
  167  9:47  Widow Mine  
  167  9:50  Widow Mine  
  130  10:02  Marine  
  93  10:47  Supply Depot  
  93  10:49  Supply Depot x2  
  81  11:03  Supply Depot  
  81  11:04  Supply Depot  
  81  11:05  Supply Depot  
  55  11:22  Marine  
Show
View Real Time Build Order
Export as new Build Order

Zest Protoss - Winner!

Build Orders: 1 Gate Expand, Double Forge, Blink Stalkers 

Get SALT Encoding   

  12  0:02  Probe (Chrono Boost)  
  14  0:14  Probe (Chrono Boost)  
  14  0:18  Pylon  
  14  0:26  Probe (Chrono Boost)  
  15  0:32  Probe (Chrono Boost)  
  15  0:37  Gateway  
  15  0:41  Probe (Chrono Boost)  
  17  0:46  Assimilator  
  17  0:53  Probe (Chrono Boost)  
  19  1:05  Probe (Chrono Boost)  
  19  1:17  Probe (Chrono Boost)  
  20  1:22  Nexus  
  20  1:31  Cybernetics Core  
  20  1:36  Probe (Chrono Boost)  
  20  1:39  Assimilator  
  22  1:48  Probe (Chrono Boost)  
  22  1:49  Pylon  
  22  1:53  Stalker  
  22  2:00  Probe (Chrono Boost)  
  23  2:08  Warp Gate  
  25  2:12  Probe (Chrono Boost)  
  26  2:17  Stalker  
  26  2:25  Probe (Chrono Boost)  
  29  2:32  Robotics Facility  
  30  2:37  Probe x2 (Chrono Boost)  
  30  2:43  Probe (Chrono Boost)  
  31  2:49  Probe (Chrono Boost)  
  33  2:55  Probe (Chrono Boost)  
  33  2:56  Twilight Council  
  34  3:02  Probe (Chrono Boost)  
  36  3:07  Probe (Chrono Boost)  
  36  3:12  Observer  
  37  3:14  Probe (Chrono Boost)  
  37  3:19  Probe (Chrono Boost)  
  38  3:25  Gateway  
  38  3:26  Gateway, Blink  
  39  3:29  Probe (Chrono Boost)  
  39  3:30  Probe (Chrono Boost)  
  41  3:36  Probe (Chrono Boost)  
  41  3:37  Pylon  
  43  3:41  Probe (Chrono Boost)  
  43  3:42  Assimilator  
  43  3:43  Observer  
  43  3:45  Probe (Chrono Boost)  
  45  3:53  Probe (Chrono Boost)  
  46  3:57  Probe (Chrono Boost)  
  47  4:05  Nexus, Probe (Chrono Boost)  
  47  4:07  Pylon  
  48  4:15  Probe (Chrono Boost)  
  50  4:18  Probe (Chrono Boost)  
  50  4:21  Observer  
  50  4:25  Stalker x3  
  50  4:27  Probe (Chrono Boost)  
  50  4:30  Probe (Chrono Boost)  
  58  4:32  Pylon  
  58  4:36  Pylon  
  58  4:40  Observer  
  58  4:43  Probe x2 (Chrono Boost)  
  61  4:49  Probe (Chrono Boost)  
  61  4:50  Probe (Chrono Boost)  
  61  4:51  Forge x2  
  61  4:55  Sentry x2  
  67  5:04  Probe x2 (Chrono Boost)  
  69  5:07  Sentry  
  69  5:11  Gateway x2  
  69  5:14  Gateway, Probe (Chrono Boost)  
  70  5:16  Protoss Ground Armor Level 1, Probe (Chrono Boost), Protoss Ground Weapons Level 1  
  70  5:17  Observer  
  70  5:20  Probe (Chrono Boost)  
  74  5:22  Probe (Chrono Boost), Pylon  
  76  5:28  Probe (Chrono Boost)  
  78  5:36  Probe x2 (Chrono Boost)  
  78  5:37  Observer  
  78  5:41  Gateway  
  78  5:43  Gateway  
  78  5:48  Shield Battery  
  78  5:49  Stalker x2, Shield Battery  
  82  5:51  Stalker  
  82  5:53  Assimilator  
  84  6:01  Observer  
  84  6:02  Assimilator  
  84  6:03  Shield Battery  
  85  6:06  Probe (Chrono Boost)  
  85  6:07  Probe (Chrono Boost)  
  87  6:17  Stalker  
  87  6:18  Stalker  
  89  6:24  Probe x2 (Chrono Boost)  
  90  6:26  Shield Battery, Probe (Chrono Boost)  
  90  6:27  Zealot x3, Sentry  
  90  6:28  Shield Battery  
  97  6:36  Probe x2 (Chrono Boost)  
  97  6:38  Probe (Chrono Boost)  
  100  6:47  Pylon  
  100  6:48  Pylon x2  
  100  6:54  Pylon  
  100  6:59  Charge  
  100  7:00  Protoss Ground Weapons Level 2  
  100  7:05  Nexus, Immortal, Protoss Ground Armor Level 2  
  100  7:07  Pylon  
  100  7:08  Stalker x4  
  106  7:09  Observer  
  106  7:11  Pylon  
  106  7:14  Zealot  
  106  7:15  Zealot x2  
  118  7:19  Pylon  
  118  7:21  Probe x2 (Chrono Boost)  
  120  7:27  Pylon  
  120  7:30  Observer  
  120  7:34  Warp Prism  
  120  7:36  Stalker  
  122  7:50  Probe x3 (Chrono Boost)  
  127  7:52  Pylon  
  127  7:57  Zealot x4  
  127  7:58  Zealot x4  
  141  8:01  Pylon  
  141  8:04  Templar Archives  
  143  8:26  Psionic Storm  
  143  8:28  Zealot x4  
  143  8:29  Zealot  
  143  8:30  Zealot  
  143  8:33  Gateway  
  155  8:35  Gateway x2  
  155  8:38  Gateway  
  155  8:49  High Templar  
  155  8:50  High Templar x2  
  155  8:51  High Templar  
  155  8:54  Zealot x4  
  167  8:57  Pylon  
  167  8:58  Pylon x2  
  167  9:00  Pylon  
  161  9:06  Pylon  
  161  9:07  Nexus  
  161  9:09  Pylon  
  161  9:14  Pylon  
  161  9:16  High Templar x2  
  165  9:17  Zealot x2  
  165  9:20  Archon  
  165  9:22  Zealot x3  
  165  9:23  Zealot  
  177  9:37  Zealot x2  
  177  9:38  Zealot x3, High Templar  
  164  10:06  Stalker x2  
  152  10:23  Nexus, Pylon  
  152  10:25  Pylon  
  150  10:45  Shield Battery  
  150  10:47  Shield Battery  
Tags
 
Add a new tag
Caveats
  • Supply blocks, unpowered buildings, or Contaminate may cause inaccurate times.
  • Supply counts are checked every 10 seconds.